 Dungeon Crawl Stone Soup version 0.24-a0-434-gd57e52fea8 (webtiles) character file.

Game seed: 13038377645434687882

68231 theanonym the Severer (level 14, 0/110 HPs)
             Began as a Demonspawn Berserker on June 16, 2019.
             Was a Follower of Makhleb.
             Slain by an iron troll (23 damage)
             ... created by the rage of Trog
             ... on level 1 of the Orcish Mines.
             The game lasted 00:30:05 (17276 turns).

theanonym the Severer (Demonspawn Berserker)       Turns: 17276, Time: 00:30:06

Health: 0/110      AC: 28    Str: 23    XL:     14   Next: 85%
Magic:  0/23       EV:  8    Int:  9    God:    Makhleb [*.....]
Gold:   1557       SH:  0    Dex: 17    Spells: 13/13 levels left

rFire    + . .     SeeInvis .   a - +8 executioner's axe (vamp)
rCold    . . .     Gourm    .   (shield currently unavailable)
rNeg     + + .     Faith    .   s - +0 plate armour
rPois    +         Spirit   +   z - +2 hat
rElec    +         Reflect  .   J - scarf {repulsion}
rCorr    .         Harm     .   (gloves unavailable)
MR       +....                  H - +2 pair of boots
Stlth    ..........             u - amulet of regeneration
HPRegen  0.68/turn              P - ring of the Amoeba {rElec rF+ MP+9}
MPRegen  0.36/turn              U - ring of Fyowk {rElec rPois rN++ Dex+5}

@: about to teleport, sanguine armour, slowed, repel missiles, very slow
A: claws 3, spiny 2, magic shield, magic regeneration, sanguine armour 2
a: Renounce Religion


Innate Abilities, Weirdness & Mutations

You have claws for hands.
You are mostly covered in sharp spines.
When hurt, damage is shared between your health and your magic reserves.
You regenerate magic rapidly.
When seriously injured, your bleeding wounds create thick armour. (AC +9)


   Skills:
 + Level 10.0 Fighting
 * Level 19.7 Axes
 + Level 9.0 Armour
 - Level 1.7 Dodging


You had 13 spell levels left.
You didn't know any spells.
Your spell library contained the following spells:

 Spells                   Type           Power        Failure   Level  Hunger
 Summon Small Mammal      Summ           #...         99%         1    ##.....
 Call Imp                 Summ           #.......     100%        2    ###....
 Sublimation of Blood     Necr           #.........   100%        2    ###....
 Call Canine Familiar     Summ           #.......     100%        3    ####...
 Ignite Poison            Fire/Tmut/Pois #.......     100%        3    ####...
 Summon Guardian Golem    Hex/Summ       #.......     100%        3    ####...
 Petrify                  Tmut/Erth      #.......     100%        4    #####..
 Summon Ice Beast         Ice/Summ       #.......     100%        4    #####..
 Summon Lightning Spire   Summ/Air       #.......     100%        4    #####..
 Alistair's Intoxication  Tmut/Pois      #.......     100%        5    ######.
 Irradiate                Conj/Tmut      #.........   100%        5    ######.

Skill      XL: |  1  2  3  4  5  6  7  8  9 10 11 12 13 14 |
---------------+-------------------------------------------+-----
Axes           | 3 4 6 7 9 11 13 15 16 17 18 19 | 19.7
Armour         | 2 5 7 9 |  9.0
Fighting       | 6 8 10 | 10.0
Dodging        | |  1.7

Action                   |  1- 3 |  4- 6 |  7- 9 | 10-12 | 13-15 || total
-------------------------+-------+-------+-------+-------+-------++-------
Melee: Hand axe          |    62 |    86 |   185 |       |       ||   333
       Battleaxe         |       |       |    81 |   388 |       ||   469
       Executioner's axe |       |       |       |    64 |   477 ||   541
Invok: Berserk           |     3 |     3 |     8 |    13 |    13 ||    40
       Trog's Hand       |       |       |     1 |     2 |     1 ||     4
Evoke: Wand              |       |       |     1 |     2 |     3 ||     6
  Use: Scroll            |       |     3 |     8 |    14 |    20 ||    45
       Potion            |       |       |       |     2 |       ||     2
 Stab: Distracted        |       |       |       |     1 |       ||     1
       Paralysed         |       |       |       |       |     2 ||     2
  Eat: Ration            |     1 |       |     4 |     1 |     6 ||    12
       Chunk             |       |     7 |    11 |    27 |    20 ||    65
Armor: Animal skin       |     4 |       |       |       |       ||     4
       Leather armour    |     8 |       |       |       |       ||     8
       Chain mail        |     8 |    23 |       |       |       ||    31
       Plate armour      |       |     7 |   152 |   233 |   439 ||   831
Dodge: Dodged            |    38 |    27 |    85 |   131 |   192 ||   473
       Deflected         |       |       |       |     5 |    14 ||    19

Inventory:

Hand Weapons
 a - a +8 vampiric executioner's axe (weapon)
Missiles
 M - a throwing net (quivered)
Armour
 s - a +0 plate armour (worn)
 z - a +2 hat (worn)
 H - a +2 pair of boots (worn)
 J - a scarf of repulsion (worn)
Jewellery
 b - an uncursed ring of flight
 u - an amulet of regeneration (around neck)
 C - an uncursed ring of resist corrosion
 P - the ring of the Amoeba (left claw) {rElec rF+ MP+9}

   [ring of magical power]

   It protects you from fire.
   It insulates you from electricity.
   It affects your magic capacity (+9).
 R - an uncursed ring of positive energy
 U - the ring of Fyowk (right claw) {rElec rPois rN++ Dex+5}

   [ring of dexterity]

   It affects your dexterity (+5).
   It insulates you from electricity.
   It protects you from poison.
   It greatly protects you from negative energy.
Wands
 c - a wand of clouds (8)
 d - a wand of digging (3)
 k - a wand of disintegration (23)
 o - a wand of flame (34)
 p - a wand of paralysis (14)
 v - a wand of acid (7)
 A - a wand of enslavement (10)
 D - a wand of iceblast (17)
 K - a wand of random effects (14)
 N - a wand of scattershot (12)
Scrolls
 f - 2 scrolls of fog
 g - 3 scrolls of enchant armour
 i - 4 scrolls of immolation
 n - 10 scrolls of remove curse
 r - a scroll of identify
 t - 6 scrolls of teleportation
 y - a scroll of brand weapon
 Q - a scroll of summoning
Potions
 h - 2 potions of haste
 j - 2 potions of agility
 l - 6 potions of flight
 m - 2 potions of might
 q - 3 potions of heal wounds
 w - 3 potions of curing
 x - 3 potions of lignification
 E - 2 potions of resistance
 G - 2 potions of magic
 I - 2 potions of invisibility
 L - 2 potions of mutation
 O - 2 potions of brilliance
Miscellaneous
 B - a lamp of fire
Comestibles
 e - 34 rations
 F - 8 chunks of flesh


You were on level 1 of the Orcish Mines.
You worshipped Makhleb.
Makhleb was aware of your devotion.
You were not hungry.

You visited 3 branches of the dungeon, and saw 18 of its levels.
You also visited: Sewer, Gauntlet, Ice Cave and Volcano.

You collected 1908 gold pieces.
You spent 351 gold pieces at shops.

Dungeon Overview and Level Annotations

Branches:
Dungeon (11/15)            Temple (0/1) D:6            Lair (6/6) D:10
 Shoals (0/4) Lair:2        Snake (0/4) Lair:3        Slime (0/5) Lair:6
    Orc (1/2) D:11

Altars:
Elyvilon
Fedhas
Gozag
Makhleb
Nemelex Xobeh
Sif Muna
Trog
Zin

Shops:
D:7 =[(}   D:8 (   D:9 *}%

Annotations:
D:6 exclusion: oklob plant

..)...## ..#....###
.... ((##.....## ....
#.##......# .#.#
####......# ..## .#
#....### ....#
.###....# #....
......#.###### ##..#
...)).####.#..##@#
#...######....hT##
....####.......T.#
.....#.#........###
..#...<......#....###
.###......#####..##.#
####......####..)...#
.##.........##).)#..#
............#...##.##


You could see an iron troll (berserk), a troll (berserk) and a black bear
(berserk).

Notes
Turn   | Place    | Note
-------+----------+-------------------------------------------
     0 | D:1      | theanonym the Demonspawn Berserker began the quest for the
                  | Orb.
     0 | D:1      | Reached XP level 1. HP: 18/18 MP: 1/1
   204 | D:1      | Reached skill level 3 in Axes
   239 | D:1      | Gained mutation: When seriously injured, your bleeding
                  | wounds create armour. (AC +9) [demonic ancestry]
   239 | D:1      | Reached XP level 2. HP: 18/24 MP: 2/2
   627 | D:2      | HP: 12/24 [adder (2)]
   633 | D:1      | HP: 16/36 [poisoned by an adder]
   639 | D:1      | HP: 10/24 [poisoned by an adder]
   646 | D:1      | HP: 8/24 [poisoned by an adder]
   833 | D:2      | Reached skill level 4 in Axes
   833 | D:2      | Gained mutation: You are partially covered in sharp spines.
                  | [demonic ancestry]
   833 | D:2      | Reached XP level 3. HP: 29/29 MP: 3/3
   962 | D:2      | Reached XP level 4. HP: 35/35 MP: 4/4
  1108 | D:2      | Noticed Sigmund
  1117 | D:2      | Reached ** piety under Trog
  1121 | D:2      | Killed Sigmund
  1121 | D:2      | Reached skill level 6 in Axes
  1121 | D:2      | Gained mutation: You have sharp fingernails. [demonic
                  | ancestry]
  1121 | D:2      | Reached XP level 5. HP: 27/41 MP: 5/5
  1121 | D:2      | Reached XP level 6. HP: 31/47 MP: 6/6
  1967 | D:3      | Found a faded altar of an unknown god.
  2344 | D:4      | Found a bloodstained altar of Trog.
  2358 | D:4      | Reached skill level 7 in Axes
  2459 | D:4      | Gained mutation: When seriously injured, your bleeding
                  | wounds create thick armour. (AC +9) [demonic ancestry]
  2459 | D:4      | Reached XP level 7. HP: 48/52 MP: 7/7
  2503 | D:4      | Noticed Pikel
  2514 | D:4      | Killed Pikel
  2514 | D:4      | Reached skill level 9 in Axes
  2514 | D:4      | Reached XP level 8. HP: 58/58 MP: 8/8
  2589 | D:4      | Reached *** piety under Trog
  2822 | D:4      | Noticed Eustachio
  2827 | D:4      | Killed Eustachio
  2993 | D:4      | Noticed Dowan
  2993 | D:4      | Noticed Duvessa
  3003 | D:4      | Killed Duvessa
  3003 | D:4      | Reached skill level 10 in Axes
  3015 | D:4      | Killed Dowan
  3249 | D:5      | Entered Level 5 of the Dungeon
  3398 | D:5      | Found a glowing drain.
  3419 | Sewer    | Entered a sewer
  3431 | Sewer    | Reached **** piety under Trog
  4028 | D:5      | Found a white marble altar of Elyvilon.
  4045 | D:5      | Reached skill level 11 in Axes
  4045 | D:5      | Gained mutation: You have very sharp fingernails. [demonic
                  | ancestry]
  4045 | D:5      | Reached XP level 9. HP: 55/63 MP: 9/9
  4332 | D:5      | Found an opulent altar of Gozag.
  4333 | D:5      | Found a glowing silver altar of Zin.
  4511 | D:6      | Found a deep blue altar of Sif Muna.
  4519 | D:6      | HP: 29/63 [centaur/arrow (7)]
  4826 | D:6      | Found a staircase to the Ecumenical Temple.
  4886 | D:6      | Found a burning altar of Makhleb.
  4890 | D:6      | Found a sparkling altar of Nemelex Xobeh.
  4975 | D:6      | Reached skill level 12 in Axes
  5144 | D:6      | Found a blossoming altar of Fedhas.
  5161 | D:6      | Noticed an oklob plant
  5462 | D:7      | Found Rubeap's Antique Armour Shoppe.
  5478 | D:7      | Bought an embroidered hat for 231 gold pieces
  5492 | D:7      | Found Hiugullo's Antique Weapon Shoppe.
  5501 | D:7      | Found Iwugoak's Gadget Shop.
  5577 | D:7      | Reached ***** piety under Trog
  5866 | D:7      | Reached skill level 13 in Axes
  5907 | D:7      | Reached XP level 10. HP: 60/70 MP: 10/10
  6096 | D:7      | Found Dar Koxo's Jewellery Emporium.
  6265 | D:8      | Noticed a two-headed ogre
  6272 | D:8      | Killed a two-headed ogre
  6403 | D:8      | Noticed Prince Ribbit
  6412 | D:8      | Killed Prince Ribbit
  6445 | D:8      | Reached skill level 14 in Axes
  6549 | D:8      | Noticed Erica
  6550 | D:8      | Noticed Psyche
  6557 | D:8      | Killed Psyche
  6559 | D:8      | Killed Erica
  6822 | D:8      | Found Ubbaf's Antique Weapon Shop.
  6825 | D:8      | Noticed Grum
  6840 | D:8      | Killed Grum
  7059 | D:9      | Reached skill level 15 in Axes
  7059 | D:9      | Gained mutation: When hurt, damage is shared between your
                  | health and your magic reserves. [demonic ancestry]
  7059 | D:9      | Reached XP level 11. HP: 75/75 MP: 11/11
  7212 | D:9      | Found Roatoirch's Assorted Antiques.
  7230 | D:9      | Bought a scroll of identify for 60 gold pieces
  7230 | D:9      | Bought a scroll labeled WONTUAMOTY for 30 gold pieces
  7230 | D:9      | Bought a scroll labeled OLUFIOZIRA for 30 gold pieces
  7362 | D:9      | Found Juygrea's Food Emporium.
  7415 | D:9      | Found Tanliunu's Gadget Shop.
  7547 | D:9      | Noticed Maurice
  7555 | D:9      | Killed Maurice
  7565 | D:10     | Entered Level 10 of the Dungeon
  7884 | D:10     | Reached ****** piety under Trog
  7887 | D:10     | Received a gift from Trog
  7896 | D:10     | Reached skill level 16 in Axes
  7913 | D:10     | Identified the +3 battleaxe of Watwebyb {freeze, Str+3
                  | Dex+3} (Trog gifted it to you on level 10 of the Dungeon)
  7952 | D:10     | Noticed a two-headed ogre
  8032 | D:10     | Found a staircase to the Lair.
  8038 | D:10     | Killed a two-headed ogre
  8641 | Lair:1   | Entered Level 1 of the Lair of Beasts
  8919 | Lair:1   | Reached skill level 2 in Armour
  9322 | Lair:1   | Gained mutation: You regenerate magic rapidly. [demonic
                  | ancestry]
  9322 | Lair:1   | Reached XP level 12. HP: 72/81 MP: 9/12
  9602 | Lair:2   | Noticed a death yak
  9602 | Lair:2   | Noticed a death yak
  9603 | Lair:2   | Noticed a death yak
  9603 | Lair:2   | Noticed a death yak
  9604 | Lair:2   | Noticed a death yak
  9604 | Lair:2   | Noticed a death yak
  9612 | Lair:2   | Killed a death yak
  9612 | Lair:2   | Reached skill level 17 in Axes
  9613 | Lair:2   | Killed a death yak
  9613 | Lair:2   | Reached skill level 4 in Fighting
  9613 | Lair:2   | Reached skill level 3 in Armour
  9615 | Lair:2   | Killed a death yak
  9616 | Lair:2   | HP: 53/124 [death yak (15)]
  9617 | Lair:2   | Killed a death yak
  9620 | Lair:2   | Killed a death yak
  9621 | Lair:2   | Killed a death yak
  9722 | Lair:2   | Found a staircase to the Shoals.
  9733 | Lair:2   | Reached skill level 5 in Fighting
  9733 | Lair:2   | Reached skill level 4 in Armour
 10413 | Lair:3   | Received a gift from Trog
 10426 | Lair:3   | Found a staircase to the Snake Pit.
 10464 | Lair:3   | Found a frozen archway.
 10496 | IceCv    | Entered an ice cave
 10502 | IceCv    | Reached skill level 6 in Fighting
 10502 | IceCv    | Reached skill level 5 in Armour
 10711 | IceCv    | Noticed an ice dragon
 10711 | IceCv    | Noticed an ice dragon
 10721 | IceCv    | Killed an ice dragon
 10721 | IceCv    | Gained mutation: You have claws for hands. [demonic
                  | ancestry]
 10721 | IceCv    | Reached XP level 13. HP: 94/94 MP: 9/13
 10796 | IceCv    | Got a brightly glowing bronze ring
 11003 | Lair:3   | Identified the ring of the Amoeba {rElec rF+ MP+9} (You
                  | found it in an ice cave)
 11056 | Lair:3   | Reached skill level 18 in Axes
 11644 | Lair:4   | Found a dark tunnel.
 11647 | Volcano  | Entered a volcano
 11777 | Volcano  | Reached skill level 7 in Fighting
 11779 | Volcano  | Reached skill level 6 in Armour
 11780 | Volcano  | Found a radiant altar of Vehumet.
 11780 | Volcano  | Noticed a red draconian
 11794 | Volcano  | Killed a red draconian
 12441 | Lair:4   | HP: 45/98 [spiny frog (11)]
 12446 | Lair:4   | HP: 33/98 [poisoned by a spiny frog]
 12451 | Lair:4   | HP: 22/98 [poisoned by a spiny frog]
 12456 | Lair:4   | HP: 15/98 [poisoned by a spiny frog]
 12461 | Lair:4   | HP: 12/98 [poisoned by a spiny frog]
 12466 | Lair:4   | HP: 10/98 [poisoned by a spiny frog]
 12471 | Lair:4   | HP: 9/98 [poisoned by a spiny frog]
 12477 | Lair:4   | HP: 10/98 [poisoned by a spiny frog]
 12483 | Lair:4   | HP: 12/98 [poisoned by a spiny frog]
 12491 | Lair:4   | HP: 15/98 [poisoned by a spiny frog]
 13042 | Lair:5   | Noticed Josephine
 13050 | Lair:5   | Killed Josephine
 13050 | Lair:5   | Reached skill level 8 in Fighting
 13050 | Lair:5   | Reached skill level 7 in Armour
 13569 | Lair:6   | Entered Level 6 of the Lair of Beasts
 13591 | Lair:6   | Noticed Sonja
 13598 | Lair:6   | Found a gate leading to a gauntlet.
 13611 | Lair:6   | Killed Sonja
 13632 | Gauntlet | Entered a Gauntlet
 13632 | Gauntlet | Found a transporter.
 13632 | Gauntlet | Found a transporter.
 13646 | Gauntlet | Found a transporter.
 13649 | Gauntlet | Found a transporter.
 13657 | Gauntlet | Found a transporter.
 13660 | Gauntlet | Found a transporter.
 13668 | Gauntlet | Found a transporter.
 13688 | Gauntlet | Found a transporter.
 13693 | Gauntlet | Found a transporter.
 13696 | Gauntlet | Found a transporter.
 13706 | Gauntlet | Found a transporter.
 13723 | Gauntlet | Found a transporter.
 13925 | Gauntlet | Noticed a minotaur
 13933 | Gauntlet | HP: 67/148 [minotaur/+0 quarterstaff of holy wrath (14)]
 13935 | Gauntlet | Killed a minotaur
 13962 | Gauntlet | HP: 46/99 [minotaur zombie (14)]
 13963 | Gauntlet | Gained mutation: You are mostly covered in sharp spines.
                  | [demonic ancestry]
 13963 | Gauntlet | Reached XP level 14. HP: 43/106 MP: 14/14
 14105 | Lair:6   | Found a staircase to the Slime Pits.
 14120 | Lair:6   | Received a gift from Trog
 14213 | Lair:6   | Reached skill level 19 in Axes
 14237 | Lair:6   | HP: 52/106 [nine-headed hydra (4)]
 14257 | Lair:6   | Received a gift from Trog
 14472 | Lair:6   | Reached skill level 9 in Fighting
 14481 | Lair:6   | Reached skill level 8 in Armour
 14500 | Lair:6   | Received a gift from Trog
 14934 | Lair:6   | Got an ancient copper ring
 14935 | Lair:6   | Identified the ring of Fyowk {rElec rPois rN++ Dex+5} (You
                  | found it on level 6 of the Lair of Beasts)
 14958 | Lair:6   | HP: 51/108 [dire elephant (12)]
 15231 | Lair:6   | Found a staircase to the Slime Pits.
 16158 | D:6      | Fell from the grace of Trog
 16158 | D:6      | Became a worshipper of Makhleb the Destroyer
 16368 | D:11     | Found a glowing silver altar of Zin.
 16450 | D:11     | Paralysed by Trog for 2 turns
 16478 | D:11     | HP: 50/109 [cyclops/large rock (24)]
 16605 | D:11     | Reached * piety under Makhleb
 16726 | D:11     | Found a staircase to the Orcish Mines.
 16736 | D:11     | Reached skill level 10 in Fighting
 17092 | Orc:1    | Entered Level 1 of the Orcish Mines
 17128 | Orc:1    | Noticed Urug
 17137 | Orc:1    | Killed Urug
 17141 | Orc:1    | Reached skill level 9 in Armour
 17275 | Orc:1    | HP: 41/110 [iron troll[the rage of Trog] (18)]
 17276 | Orc:1    | Slain by an iron troll

Vanquished Creatures
  6 dire elephants (Lair:6)
  A red draconian (Volcano)
  A minotaur (Gauntlet)
  Josephine (Lair:5)
  2 ice dragons (IceCv)
  An anaconda (Lair:6)
  5 hydras
  Erica (D:8)
  2 two-headed ogres
  6 death yaks (Lair:2)
  Urug (Orc:1)
  Sonja (Lair:6)
  A salamander mystic (Volcano)
  A sixfirhy (Gauntlet)
  An obsidian statue (Volcano)
  Pikel (D:4)
  A lindwurm (Lair:6)
  An orc knight (Orc:1)
  An ugly thing (D:11)
  2 manticores
  An oklob plant (Lair:3)
  A cyclops (D:11)
  14 elephants (Lair:6)
  2 salamanders (Volcano)
  5 black mambas
  Maurice (D:9)
  2 ice statues (IceCv)
  Psyche (D:8)
  9 spiny frogs
  A minotaur zombie (Gauntlet)
  6 komodo dragons
  2 rime drakes (IceCv)
  3 meliai (Gauntlet)
  2 trolls
  A hornet (D:10)
  Prince Ribbit (D:8)
  3 polar bears
  17 blink frogs
  2 slime creatures (Lair:6)
  11 hippogriffs
  Sigmund (D:2)
  4 wraiths
  5 wyverns
  37 yaks
  6 fire bats (Volcano)
  Eustachio (D:4)
  4 basilisks
  4 hungry ghosts
  A steam dragon (D:7)
  Grum (D:8)
  3 wargs (D:10)
  2 swamp worms (Gauntlet)
  A naga (Lair:3)
  A soldier ant (D:10)
  Duvessa (D:4)
  20 water moccasins
  6 porcupines
  9 orc warriors
  3 slaves (D:4)
  An eye of draining (D:8)
  A phantom (D:4)
  2 black bears
  2 sky beasts (D:7)
  A necrophage (D:9)
  15 ice beasts
  2 wolves (D:8)
  9 centaurs
  6 ogres
  14 crocodiles
  A big kobold (D:7)
  20 bullfrogs
  Dowan (D:4)
  8 killer bees
  12 wights
  An electric eel (Lair:1)
  2 howler monkeys (D:10)
  5 crimson imps
  6 lava snakes (Volcano)
  2 jellies (Lair:6)
  A bullfrog skeleton (D:6)
  4 hounds
  7 orc priests
  A gnoll shaman (D:4)
  12 orc wizards
  2 centaur skeletons
  17 worker ants
  A killer bee zombie (D:6)
  A hound skeleton (D:7)
  A worker ant zombie (D:5)
  A howler monkey zombie (D:8)
  5 gnolls (D:4)
  3 howler monkey skeletons
  10 adders
  4 shadow imps
  12 white imps (Lair:3)
  4 ufetubi (Gauntlet)
  An ooze (D:2)
  An adder zombie (D:8)
  An adder skeleton (D:8)
  A dart slug (D:4)
  3 worms
  12 leopard geckos
  52 orcs
  5 ball pythons
  13 giant cockroaches
  6 goblins
  5 hobgoblins
  7 jackals
  9 kobolds
  5 quokkas
  5 bats
  5 frilled lizards
  A leopard gecko skeleton (D:4)
  A quokka zombie (D:8)
  8 rats
  4 fungi
  8 plants
582 creatures vanquished.

Vanquished Creatures (others)
  A swamp worm (Gauntlet)
  A giant cockroach (D:7)
  5 fungi
  3 plants
10 creatures vanquished.

Grand Total: 592 creatures vanquished

Table legend:
 A = Turns spent in this place as a percentage of turns spent in the entire game.
 B = Non-inter-level travel turns spent in this place as a percentage of non-inter-level travel turns spent in the entire game.
 C = Inter-level travel turns spent in this place as a percentage of turns spent in this place.
 D = Turns resting spent in this place as a percentage of non-inter-level travel turns spent in this place.
 E = Turns spent auto-exploring this place as a percentage of non-inter-level travel turns spent in this place.
 F = Non-inter-level travel turns spent in this place divided by the number of levels of this place that you've seen.
                   A       B       C       D       E      F
               +-------+-------+-------+-------+-------+----------------------
         Total | 100.0 | 100.0 |   5.6 |  13.3 |  67.1 | 741.7
       Dungeon |  52.7 |  51.9 |   7.0 |  16.3 |  65.1 | 769.3
          Lair |  36.5 |  36.7 |   5.1 |   8.6 |  73.7 | 996.8
  Orcish Mines |   1.1 |   1.1 |   0.5 |   9.8 |  60.7 | 183.0
         Sewer |   3.3 |   3.5 |   0.0 |  17.7 |  62.0 | 571.0
      Ice Cave |   2.9 |   3.1 |   0.0 |  11.8 |  63.3 | 502.0
       Volcano |   1.0 |   1.0 |   0.0 |   2.9 |  32.9 | 170.0
      Gauntlet |   2.6 |   2.7 |   0.0 |  20.5 |  43.1 | 448.0
               +-------+-------+-------+-------+-------+----------------------
